 Dungeon Crawl Stone Soup version 0.24.0-1-gfbc8707 (webtiles) character file.

Game seed: 11806522107209871661, levelgen mode: deterministic

3243 TheGoonsmith the Basher (level 9, -11/54 HPs)
             Began as a Gargoyle Fighter on Nov 2, 2019.
             Was an Elder of Okawaru.
             Mangled by an orc knight
             ... wielding a +0 glaive
              (12 damage)
             ... in a bailey.
             The game lasted 00:16:19 (7939 turns).

TheGoonsmith the Basher (Gargoyle Fighter)          Turns: 7939, Time: 00:16:19

Health: -11/54     AC: 20    Str: 22    XL:     9   Next: 99%
Magic:  9/10       EV: 12    Int:  9    God:    Okawaru [****..]
Gold:   296        SH: 13    Dex: 10    Spells: 8/8 levels left

rFire    . . .     SeeInvis .   F - +1 morningstar (pain)
rCold    . . .     Gourm    .   c - +0 shield
rNeg     + . .     Faith    .   G - +4 scale mail
rPois    ∞         Spirit   .   (no helmet)
rElec    +         Reflect  .   (no cloak)
rCorr    .         Harm     .   (no gloves)
MR       +....                  (no boots)
Stlth    +.........             (no amulet)
HPRegen  0.18/turn              j - ring of protection from magic
MPRegen  0.12/turn              D - +1 ring of protection

@: heroism, invisible
A: negative energy resistance 1, electricity resistance, unbreathing,
petrification resistance, rot immunity, AC +6
a: Heroism, Renounce Religion


You were in a bailey.
You worshipped Okawaru.
Okawaru was greatly pleased with you.
You were not hungry.

You visited 1 branch of the dungeon, and saw 7 of its levels.
You also visited: Ossuary and Bailey.

You collected 296 gold pieces.

Inventory:

Hand Weapons
 a - a +0 flail
 F - a +1 morningstar of pain (weapon)
Missiles
 m - 82 arrows
Armour
 b - a +0 scale mail
 c - a +0 shield (worn)
 q - a +0 chain mail
 C - a +0 plate armour
 G - a +4 scale mail (worn)
Jewellery
 j - a ring of protection from magic (left hand)
 r - a cursed amulet of harm
 t - an uncursed ring of fire
 B - an uncursed ring of stealth
 D - a +1 ring of protection (right hand)
Wands
 u - a wand of flame (7)
 A - a wand of paralysis (4)
Scrolls
 e - 3 scrolls of identify
 k - 2 scrolls of magic mapping
 n - 2 scrolls of amnesia {unknown}
 p - 3 scrolls of fog {unknown}
 s - 4 scrolls of remove curse {unknown}
 x - 2 scrolls of enchant armour {unknown}
 y - 4 scrolls of teleportation {unknown}
Potions
 d - a potion of might
 g - 4 potions of flight
 h - a potion of heal wounds {unknown}
 i - 3 potions of degeneration {unknown}
 l - a potion of cancellation {unknown}
 o - a potion of ambrosia {unknown}
 v - 2 potions of brilliance {unknown}
 w - 2 potions of invisibility
 z - a potion of mutation {unknown}
 E - a potion of agility {unknown}
Comestibles
 f - 7 rations
 H - 3 chunks of flesh


   Skills:
 - Level 5.0(10.0) Fighting
 + Level 10.3(15.3) Maces & Flails
 - Level 5.0(10.0) Armour
 + Level 8.7(13.7) Shields
 - Level 2.4 Invocations


You had 8 spell levels left.
You didn't know any spells.
Your spell library was empty.

Dungeon Overview and Level Annotations

Branches:
Dungeon (7/15)             Temple (0/1) D:6         Ossuary (visited)
 Bailey (1/1)

Altars:
Cheibriados
Fedhas
Okawaru
Sif Muna
Trog
Vehumet
Wu Jian
Xom
Yredelemnul
Zin
The Shining One

Shops:
D:6 [

Annotations:
D:4 exclusion: statue


Innate Abilities, Weirdness & Mutations

You are resistant to torment.
Your stone body is resilient. (AC +6)
You are immune to poison.
You resist negative energy. (rN+)
You are resistant to electric shocks. (rElec)
You can survive without breathing.
You are immune to petrification.
You are immune to rotting.


Message History

You hit the orc knight but do no damage.
The orc knight is moderately wounded.
The orc knight hits you with a +0 glaive!!
* * * LOW HITPOINT WARNING * * *
You impale the orc knight!!
The orc knight is heavily wounded.
The orc knight hits you with a +0 glaive!
* * * LOW HITPOINT WARNING * * *
You hit the orc knight but do no damage.
The orc knight is heavily wounded.
You barely miss the orc knight.
The orc knight is heavily wounded.
The orc knight hits you with a +0 glaive.
* * * LOW HITPOINT WARNING * * *
You hit the orc knight but do no damage.
The orc knight is heavily wounded.
It was a potion of invisibility.
You fade into invisibility!
The orc knight hits you with a +0 glaive!
You die...

.≈≈..## ##..≈≈..........#
≈≈..##.∩.##..≈≈≈≈≈≈≈≈≈≈.#
...##.....##..........≈.#
#######'###'#########.≈.#
.........## $$$ ##.≈.#
.≈§≈§§≈≈..##.$.##..≈.#
≈§..§..≈§..##.##..≈≈.#
≈..⌠∩⌠oo≈≈..#o#..≈≈.∩#
≈...⌠.oo≈≈..#@#..≈≈.##
§§....o≈§..##.##..≈≈.#
.≈≈≈≈≈≈≈..##...##..≈.#
.........#'.....##.≈.#
###+#############.≈.#
##.)....))).≈.# ######
##..≈≈≈≈≈≈≈≈≈≈.# ##.))##
##..≈≈..........#
#..≈))###..≈≈..##########


You could see an orc knight.

Vanquished Creatures
  Pikel (D:7)
  Grinder (D:6)
  A sky beast (D:6)
  2 orc warriors
  An ice beast (D:7)
  A necrophage (D:6)
  2 slaves (D:7)
  3 ogres
  A phantom (D:4)
  A crocodile (D:7)
  3 bullfrogs
  Blork the orc (D:5)
  A wyvern zombie (D:7)
  7 water moccasin zombies (Ossuary)
  A howler monkey (D:4)
  5 crimson imps
  2 orc priests (D:5)
  2 jellies
  A centaur skeleton (D:6)
  6 orc wizards
  Jessica (D:3)
  5 worker ants
  3 big kobold zombies (Ossuary)
  3 mummies
  A worker ant zombie (D:7)
  3 gnolls (D:3)
  7 adders
  An ooze (D:6)
  6 adder zombies (Ossuary)
  3 adder skeletons
  3 worms
  6 dart slugs
  4 leopard geckos
  23 orcs
  3 giant cockroaches
  2 gnoll zombies (Ossuary)
  6 goblins
  8 hobgoblins
  3 jackals (D:4)
  6 quokkas
  6 bats
  8 frilled lizards
  4 hobgoblin zombies (Ossuary)
  2 jackal skeletons (D:4)
  11 kobolds
  9 kobold zombies
  A leopard gecko skeleton (D:6)
  6 orc zombies (Ossuary)
  7 rats
194 creatures vanquished.

Notes
Turn   | Place    | Note
-------+----------+-------------------------------------------
     0 | D:1      | TheGoonsmith the Gargoyle Fighter began the quest for the
                  | Orb.
     0 | D:1      | Reached XP level 1. HP: 14/14 MP: 1/1
    47 | D:1      | Reached XP level 2. HP: 16/19 MP: 2/2
   491 | D:1      | Reached XP level 3. HP: 23/23 MP: 3/3
  1350 | D:2      | Reached skill level 3 in Maces & Flails
  1404 | D:2      | Reached XP level 4. HP: 28/29 MP: 4/4
  2022 | D:3      | Found an iron altar of Okawaru.
  2029 | D:3      | Became a worshipper of Warmaster Okawaru
  2192 | D:3      | Found a shimmering blue altar of Sif Muna.
  2282 | D:3      | Reached XP level 5. HP: 29/33 MP: 5/5
  2401 | D:3      | Noticed Jessica
  2410 | D:3      | Killed Jessica
  2664 | D:4      | Noticed an ogre
  2672 | D:4      | Killed an ogre
  2672 | D:4      | Reached * piety under Okawaru
  2672 | D:4      | Reached skill level 4 in Maces & Flails
  2672 | D:4      | Reached XP level 6. HP: 21/39 MP: 6/6
  2813 | D:4      | Found a sand-covered staircase.
  2825 | Ossuary  | Entered an ossuary
  3039 | Ossuary  | Reached XP level 7. HP: 30/44 MP: 7/7
  3088 | Ossuary  | Reached skill level 5 in Maces & Flails
  3285 | Ossuary  | Reached ** piety under Okawaru
  3285 | Ossuary  | Reached skill level 5 in Fighting
  3285 | Ossuary  | Reached skill level 5 in Armour
  3285 | Ossuary  | Reached skill level 5 in Shields
  3352 | Ossuary  | Reached skill level 6 in Maces & Flails
  3604 | D:4      | Found a radiant altar of Vehumet.
  3798 | D:4      | Reached skill level 1 in Invocations
  3823 | D:4      | Reached XP level 8. HP: 9/49 MP: 9/9
  4811 | D:5      | Entered Level 5 of the Dungeon
  4882 | D:5      | Noticed Blork the orc
  4892 | D:5      | Killed Blork the orc
  4892 | D:5      | Reached skill level 7 in Maces & Flails
  4993 | D:5      | Found a basalt altar of Yredelemnul.
  4993 | D:5      | Found a snail-covered altar of Cheibriados.
  5409 | D:5      | Found a glowing golden altar of the Shining One.
  5692 | D:5      | Reached skill level 8 in Maces & Flails
  5739 | D:6      | Found a glowing silver altar of Zin.
  5826 | D:6      | Noticed Grinder
  5841 | D:6      | Killed Grinder
  5841 | D:6      | Reached *** piety under Okawaru
  5841 | D:6      | Reached skill level 9 in Maces & Flails
  5841 | D:6      | Reached XP level 9. HP: 19/54 MP: 7/10
  6113 | D:6      | Found a staircase to the Ecumenical Temple.
  6160 | D:6      | Found a shimmering altar of Xom.
  6286 | D:6      | Found a blossoming altar of Fedhas.
  6286 | D:6      | Found an ornate altar of the Wu Jian Council.
  6287 | D:6      | Found a bloodstained altar of Trog.
  6330 | D:6      | Reached skill level 10 in Maces & Flails
  6364 | D:6      | Found Muapamn's Antique Armour Shop.
  7161 | D:7      | Noticed Pikel
  7193 | D:7      | Killed Pikel
  7239 | D:7      | Found a flagged portal.
  7265 | D:7      | Reached **** piety under Okawaru
  7732 | Bailey   | Entered a bailey
  7787 | Bailey   | Noticed an orc knight
  7798 | Bailey   | Noticed an orc knight
  7905 | Bailey   | Noticed an orc knight
  7937 | Bailey   | HP: 1/54 [orc knight/+0 glaive (3)]
  7939 | Bailey   | Mangled by an orc knight

Levels and vault maps discovered:
D:1:      dpeg_arrival_round_c, layout_basic
D:2:      layout_basic, minmay_domino_2
D:3:      layout_loops_corners, old_standard_altar, first_ration,
          hangedman_decor_clover_reticule, lemuel_blue_sif_altar, uniq_jessica
D:4:      layout_basic, vehumet_statue, cheibrodos_sewer_entry_sluice,
          nicolae_ossuary_entry_giza
D:5:      layout_cave_pools, grunt_temple_overflow_open,
          nicolae_tso_swordbearing_angel, uniq_blork_the_orc
D:6:      layout_layer_cave, lemuel_crystal_altar,
          gammafunk_temple_overflow_forgotten, nicolae_overflow_crystal_walls,
          temple_pool_b, serial_shops, kennysheep_mini, uniq_grinder
D:7:      cheibrodos_barr_body, layout_basic, enter_bailey_6, grunt_ogre_cave,
          lightli_corner_chamber, uniq_pikel, uniq_harold
Bailey:   bailey_polearm_1, bailey

Skill      XL: |  1  2  3  4  5  6  7  8  9 |
---------------+----------------------------+-----
Maces & Flails | 3 4 6 9 10 | 10.3
Fighting       | 4 5 |  5.0
Armour         | 4 5 |  5.0
Shields        | 4 5 8 |  8.7
Invocations    | 1 2 |  2.4

Action                   |  1- 3 |  4- 6 |  7- 9 || total
-------------------------+-------+-------+-------++-------
Melee: Flail             |   166 |   212 |   658 ||  1036
       Morningstar       |       |       |    33 ||    33
Invok: Heroism           |       |       |     9 ||     9
  Use: Scroll            |       |     3 |     2 ||     5
       Potion            |       |       |     1 ||     1
  Eat: Chunk             |     1 |     6 |     7 ||    14
       Ration            |       |       |     3 ||     3
Armor: Scale mail        |    95 |    16 |     7 ||   118
       Chain mail        |       |    88 |   211 ||   299
       Plate armour      |       |       |   109 ||   109
Dodge: Dodged            |    46 |    44 |   105 ||   195
Block: Shield            |    89 |   111 |   300 ||   500
